 Dungeon Crawl Stone Soup version 0.16.1-2-g95b8d4c (webtiles) character file.

2842 Zugr the Conjurer (level 9, 0/52 HPs)
             Began as a Gargoyle Wizard on Mar 24, 2015.
             Slain by a four-headed hydra (7 damage)
             ... on level 7 of the Dungeon on Mar 25, 2015.
             The game lasted 01:17:47 (12312 turns).

Zugr the Conjurer (Gargoyle Wizard)                Turns: 12312, Time: 01:17:47

Health: 0/52       AC: 18    Str: 11    XL:     9   Next: 74%
Magic:  10/23      EV: 11    Int: 28    God:
Gold:   183        SH:  0    Dex:  8    Spells: 4 memorised, 12 levels left

rFire  . . .     SeeInvis .     v - +0 quarterstaff (protect)
rCold  + . .     Clarity  .     u - +0 leather armour
rNeg   + + .     SustAb   +     (no shield)
rPois  ∞         Gourm    .     D - +2 helmet
rElec  +         Spirit   .     I - +0 cloak of the Flute {Contam rElec rPois rC+ Int+6}
rCorr  .         Warding  +     (no gloves)
rMut   .         Stasis   .     (no boots)
MR     .....                    j - amulet of warding
Stlth  +.........               (no ring)
                                y - ring of sustain abilities

@: repel missiles, not resistant to hostile enchantments, very unstealthy
A: negative energy resistance 1, electricity resistance, unbreathing,
petrification resistance, rot immunity, AC +5
a: no special abilities


You were on level 7 of the Dungeon.
You were not hungry.

You visited 1 branch of the dungeon, and saw 7 of its levels.

You collected 373 gold pieces.
You spent 190 gold pieces at shops.

Inventory:

Hand weapons
 h - a +0 dagger
 q - a +0 whip
 v - a +0 quarterstaff of protection (weapon)
Armour
 u - a +0 leather armour (worn)
 D - a +2 helmet (worn)
 I - the +0 cloak of the Flute (worn) {Contam rElec rPois rC+ Int+6}
   (You bought it in a shop on level 7 of the Dungeon)

   It affects your intelligence (+6).
   It protects you from cold.
   It insulates you from electricity.
   It protects you from poison.
   It causes magical contamination when unequipped.
Jewellery
 j - an amulet of warding (around neck)
 y - a ring of sustain abilities (left hand)
Magical devices
 A - a wand of draining (6)
 C - a wand of slowing (18)
 G - a wand of slowing (35)
 K - a wand of frost (21)
Scrolls
 e - a scroll of amnesia {unknown}
 g - a scroll of enchant weapon {unknown}
 n - 2 scrolls of fog
 o - a scroll of noise
 r - a scroll of random uselessness {unknown}
 t - a scroll of magic mapping {unknown}
 w - 3 scrolls of remove curse
 x - a scroll of blinking {unknown}
 F - 2 scrolls of teleportation {unknown}
Potions
 i - 2 potions of heal wounds
 k - 2 potions of curing
 l - a potion of agility
 m - 4 potions of resistance
 p - 2 potions of brilliance
 s - 3 potions of lignification
 z - 3 potions of magic
 B - a potion of haste {unknown}
 E - a potion of cancellation {unknown}
Books
 c - a book of Minor Magic

   Spells                             Type                      Level
   a - Magic Dart                     Conjuration                  1
   b - Blink                          Translocation                2
   c - Call Imp                       Summoning                    2
   d - Repel Missiles                 Charms/Air                   2
   e - Slow                           Hexes                        2
   f - Conjure Flame                  Conjuration/Fire             3
   g - Mephitic Cloud                 Conjuration/Poison/Air       3
Comestibles
 d - 6 bread rations
 f - 2 meat rations
 H - 5 beef jerkies


   Skills:
 * Level 4.2 Fighting
 * Level 4.2 Staves
 * Level 4.3 Armour
 - Level 1.5 Dodging
 - Level 2.1 Stealth
 + Level 6.8 Spellcasting
 + Level 7.0 Conjurations
   Level 0.8 Summonings
   Level 0.8 Translocations
 + Level 2.8 Fire Magic
 + Level 3.5 Air Magic
 - Level 1.1 Poison Magic


You had 12 spell levels left.
You knew the following spells:

 Your Spells              Type           Power        Failure   Level  Hunger
a - Magic Dart            Conj           ####         1%          1    None
b - Mephitic Cloud        Conj/Pois/Air  ####....     4%          3    None
c - Conjure Flame         Conj/Fire      #####...     2%          3    None
d - Repel Missiles        Chrm/Air       ###...       8%          2    None


Dungeon Overview and Level Annotations

Branches:
Dungeon (7/15)             Temple (0/1) D:7

Altars:
Cheibriados
Dithmenos
Okawaru
Ru
Trog
The Shining One

Shops:
D:7 *


Innate Abilities, Weirdness & Mutations

You are resistant to torment.
You are immune to poison.
Your stone body is very resilient (AC +5).
You resist negative energy.
You are resistant to electric shocks.
You can survive without breathing.
You are immune to petrification.
You are immune to rotting.


Message History

The four-headed hydra closely misses you.
The four-headed hydra bites you but does no damage. x3
You barely miss the four-headed hydra.
The four-headed hydra is severely wounded.
The four-headed hydra bites you but does no damage. x3
The four-headed hydra bites you.
* * * LOW HITPOINT WARNING * * *
Casting: Magic Dart
Confirm with . or Enter, or press ? or * to list all spells.
Aiming: Magic Dart
Press: ? - help, Shift-Dir - straight line, f/p - four-headed hydra
Aim: a four-headed hydra (severely wounded)
The magic dart hits the four-headed hydra.
The four-headed hydra is severely wounded.
The four-headed hydra barely misses you.
The four-headed hydra bites you.
* * * LOW HITPOINT WARNING * * *
The four-headed hydra bites you but does no damage.
The four-headed hydra bites you!
You die...

#.[...##..## ##.#
#.!..##....# ##.#
##....#._...# #..#
###.....##....# #..##
#........##..########...####
###...(.....##.......##....#
##......###........######.
##................## ##
##.......D@###....## ##
###.......#### #...## ##.
####........## ##..# ##D.
#...#####...# #.## ##..#
##### ##..# #.# #..## #..#
#.# #.)## #######..## #.#
#..## #.........## ##.## #..
##..........## #...###.[..


You could see a four-headed hydra.

Vanquished Creatures
  Pikel (D:6)
  An orc warrior (D:7)
  Purgy (D:3)
  A sky beast (D:6)
  A phantom (D:4)
  4 ogres
  3 slaves (D:6)
  A centaur (D:5)
  2 giant frogs
  A big kobold (D:7)
  9 killer bees
  4 wights (D:6)
  5 goliath beetles
  2 crimson imps
  A giant frog zombie (D:5)
  A centaur skeleton (D:6)
  2 iguanas (D:6)
  2 orc wizards
  Natasha (thrice) (D:3)
  2 giant frog skeletons (D:6)
  A worker ant (D:6)
  Terence (D:2)
  7 gnolls
  A worker ant zombie (D:6)
  A giant mite (D:3)
  3 shadow imps
  11 adders
  2 worms (D:2)
  5 giant geckos
  3 oozes
  20 orcs
  A bat skeleton (D:6)
  A bat zombie (D:5)
  7 giant cockroaches
  9 goblins
  15 hobgoblins
  14 jackals
  3 ball pythons (D:3)
  13 bats
  7 giant newts
  A jackal skeleton (D:4)
  19 kobolds
  4 quokkas
  A quokka skeleton (D:4)
  10 rats
  A toadstool (D:1)
208 creatures vanquished.

Vanquished Creatures (others)
  A phantom (D:6)
  An orc priest (D:6)
  4 toadstools (D:1)
6 creatures vanquished.

Grand Total: 214 creatures vanquished

Notes
Turn   | Place    | Note
--------------------------------------------------------------
     0 | D:1      | Zugr, the Gargoyle Wizard, began the quest for the Orb.
     0 | D:1      | Reached XP level 1. HP: 10/10 MP: 4/4
   442 | D:1      | Reached XP level 2. HP: 15/15 MP: 0/6
  1190 | D:1      | Reached XP level 3. HP: 15/19 MP: 4/8
  2104 | D:2      | Reached XP level 4. HP: 16/24 MP: 1/10
  2332 | D:2      | Reached skill level 4 in Spellcasting
  2444 | D:2      | Learned a level 3 spell: Mephitic Cloud
  2518 | D:2      | Learned a level 3 spell: Conjure Flame
  2521 | D:2      | Learned a level 2 spell: Repel Missiles
  2702 | D:3      | Noticed Terence
  3204 | D:2      | Killed Terence
  3307 | D:3      | Found a sacrificial altar of Ru.
  3652 | D:3      | Reached XP level 5. HP: 28/28 MP: 8/13
  4592 | D:3      | Reached skill level 5 in Spellcasting
  4592 | D:3      | Reached XP level 6. HP: 32/32 MP: 2/17
  4917 | D:3      | Noticed Purgy
  5122 | D:3      | Killed Purgy
  5122 | D:3      | Reached skill level 5 in Conjurations
  5286 | D:3      | Noticed Natasha
  5293 | D:3      | Killed Natasha
  5293 | D:3      | Reached XP level 7. HP: 36/36 MP: 12/19
  5750 | D:4      | Reached skill level 1 in Fire Magic
  6055 | D:4      | Found an iron altar of Okawaru.
  6302 | D:3      | Noticed Natasha
  6305 | D:3      | Killed Natasha
  6305 | D:3      | Reached skill level 1 in Poison Magic
  6367 | D:3      | Noticed Natasha
  6369 | D:3      | Killed Natasha
  6486 | D:5      | Entered Level 5 of the Dungeon
  6592 | D:5      | Reached skill level 1 in Air Magic
  7544 | D:6      | Found a snail-covered altar of Cheibriados.
  7696 | D:6      | Reached skill level 6 in Spellcasting
  7696 | D:6      | Reached XP level 8. HP: 41/41 MP: 9/21
  7888 | D:6      | Found a glowing golden altar of the Shining One.
  8864 | D:6      | Found a bloodstained altar of Trog.
  9091 | D:6      | Reached skill level 1 in Armour
  9130 | D:6      | Reached skill level 1 in Staves
  9161 | D:6      | Reached skill level 1 in Fighting
  9405 | D:6      | Found a glowing golden altar of the Shining One.
  9723 | D:6      | Noticed Pikel
 10247 | D:6      | Killed Pikel
 10247 | D:6      | Reached XP level 9. HP: 49/51 MP: 4/23
 10700 | D:7      | Found a staircase to the Ecumenical Temple.
 11013 | D:7      | Found Klypribuodgh's Assorted Antiques.
 11021 | D:7      | Bought a transparent cloak for 190 gold pieces
 11026 | D:7      | Identified the +0 cloak of the Flute {Contam rElec rPois rC+ Int+6} (You bought it in a shop on level 7 of the Dungeon)
 11146 | D:7      | Noticed a four-headed hydra
 11941 | D:7      | Found a shadowy altar of Dithmenos.
 12054 | D:7      | Reached skill level 7 in Conjurations
 12312 | D:7      | Slain by a four-headed hydra

Action                   |  1- 3 |  4- 6 |  7- 9 || total
-------------------------+-------+-------+-------++-------
Melee: Unarmed           |    14 |       |       ||    14
       Dagger            |    13 |       |       ||    13
       Whip              |       |    71 |       ||    71
       Quarterstaff      |       |       |   262 ||   262
 Cast: Magic Dart        |    89 |   131 |   390 ||   610
       Mephitic Cloud    |       |    25 |    79 ||   104
       Conjure Flame     |       |     8 |     8 ||    16
       Repel Missiles    |       |     3 |       ||     3
  Use: Scroll            |       |     4 |     7 ||    11
 Stab: Sleeping          |     1 |       |       ||     1
       Confused          |       |     2 |    14 ||    16
  Eat: Chunk             |     3 |     2 |    11 ||    16
       Meat ration       |       |     1 |     1 ||     2
       Bread ration      |       |     1 |       ||     1
       Fruit             |       |     1 |     6 ||     7
       Beef jerky        |       |       |     2 ||     2
